 Dungeon Crawl Stone Soup version 0.29.0-4-gdea44cf6ec (webtiles) character file.

Game seed: 2030550524101462018

291 qw the Chopper (level 6, -2/35 HPs)
             Began as a Tengu Warper on Aug 28, 2022.
             Succumbed to a water moccasin's poison
             ... on level 3 of the Dungeon.
             The game lasted 00:00:16 (3340 turns).

qw the Chopper (Tengu Warper)                       Turns: 3340, Time: 00:00:17

Health: -2/35      AC:  6    Str: 13    XL:     6   Next: 32%
Magic:  10/10      EV: 11    Int: 14    God:
Gold:   80         SH:  0    Dex: 13    Spells: 9/9 levels left

rFire   . . .      SeeInvis .   Y - +0 hand axe
rCold   . . .      Faith    .   (no shield)
rNeg    . . .      Spirit   .   j - +0 scale mail
rPois   .          Reflect  .   (helmet restricted)
rElec   .          Harm     .   (no cloak)
rCorr   +          Rampage  .   (no gloves)
Will    .....                   (boots unavailable)
Stlth   ..........              (no amulet)
HPRegen 0.11/turn               f - ring of resist corrosion
MPRegen 0.12/turn               (no ring)

@: lethally poisoned (-2 -> -25), flying quickly and evasively, quick
A: beak, talons 3, nimble flight
a: no special abilities


You were on level 3 of the Dungeon.
You visited 1 branch of the dungeon, and saw 3 of its levels.

You collected 80 gold pieces.


Innate Abilities, Weirdness & Mutations

You have a beak for a mouth.
You have claws for feet.
Your magical nature lets you fly swiftly and evasively.


   Skills:
 + Level 2.1 Fighting
 - Level 7.1 Axes
 - Level 1.0 Throwing
 - Level 1.1 Armour
 - Level 2.1 Dodging
 - Level 2.0 Spellcasting
 - Level 2.4 Translocations


You had 9 spell levels left.
You didn't know any spells.
Your spell library contained the following spells:

 Spells                   Type           Power      Damage    Failure   Level
 Blink                    Tloc           16%        N/A       54%         2
 Gell's Gravitas          Tloc           8%         N/A       78%         3
 Lesser Beckoning         Tloc           8%         N/A       78%         3
 Teleport Other           Tloc           8%         N/A       78%         3
 Manifold Assault         Tloc           8%         N/A       100%        5

Inventory:

Hand Weapons
 h - a +0 flail
 Y - a +0 hand axe (weapon)
Armour
 d - a +0 buckler
 j - a +0 scale mail (worn)
Jewellery
 f - a ring of resist corrosion (left hand)
Scrolls
 c - 2 scrolls of identify
Potions
 a - 2 potions of might {unknown}
 b - a potion of brilliance {unknown}
 e - 2 potions of ambrosia {unknown}
 g - a potion of cancellation {unknown}
 i - a potion of curing {unknown}
 k - a potion of flight {unknown}

Dungeon Overview and Level Annotations

Branches:
Dungeon (3/15)

Altars:
Elyvilon
Ru
Uskayaw
Zin

Shops:
D:2 [


Message History

You miss the water moccasin. Your kick misses the water moccasin.
The water moccasin is moderately wounded.
The water moccasin misses you.
You closely miss the water moccasin.
The water moccasin is moderately wounded.
The water moccasin closely misses you. The water moccasin bites you.
You hit the water moccasin.
The water moccasin is moderately wounded.
The water moccasin bites you.
You hit the water moccasin. Your kick misses the water moccasin.
The water moccasin is heavily wounded.
The water moccasin barely misses you.
You miss the water moccasin.
The water moccasin is heavily wounded.
The water moccasin misses you. The water moccasin bites you.
You are poisoned.
The water moccasin poisons you!
You closely miss the water moccasin. Your kick misses the water moccasin.
Your peck misses the water moccasin.
The water moccasin is heavily wounded.
You feel very sick.
The water moccasin bites you but does no damage.
You closely miss the water moccasin. Your kick misses the water moccasin.
The water moccasin is heavily wounded.
You feel very sick.
The water moccasin bites you but does no damage.
You barely miss the water moccasin. Your peck misses the water moccasin.
The water moccasin is heavily wounded.
You feel sick.
The water moccasin bites you but does no damage.
The water moccasin barely misses you.
You closely miss the water moccasin. You claw the water moccasin.
Your peck misses the water moccasin.
The water moccasin is heavily wounded.
You feel sick. The water moccasin bites you.
You are more poisoned.
The water moccasin poisons you!
You miss the water moccasin.
The water moccasin is heavily wounded.
You die...

# #.# # #.# # #.# ### #
#.# #.. ### # #.# #>#
#.. #####.#####.# #.# #
#...........# #.# .####
#.###.#####.###.##......
#.###.......##.#@S#
.......####...###......#
#.####.# #...#.# .#.#.##
#.####.# #......... .#
.......# #...##.###. #
..###### ##.## ... ..
(.# #.# #### ## ..# #.#
#.#########.#


You could see a water moccasin.

Vanquished Creatures
  Sigmund (D:3)
  Terence (D:3)
  Natasha (D:3)
  2 adders (D:2)
  A worm (D:2)
  An orc (D:3)
  A ball python (D:2)
  7 endoplasms
  3 giant cockroaches
  10 goblins
  3 hobgoblins
  5 kobolds
  4 quokkas
  7 bats
  3 frilled lizards
  4 rats
54 creatures vanquished.

Notes
Turn   | Place    | Note
-------+----------+-------------------------------------------
     0 | D:1      | qw the Tengu Warper began the quest for the Orb.
     0 | D:1      | Reached XP level 1. HP: 12/12 MP: 4/4
     0 | D:1      | 0 ||| qw: Version: 0.1-a-89-g26bdef1
     0 | D:1      | 0 ||| qw: Game counter: 2165
     0 | D:1      | 0 ||| qw: Always use a shield: true
     0 | D:1      | 0 ||| qw: God list: Okawaru
     0 | D:1      | 0 ||| qw: Allow faded altars: false
     0 | D:1      | 0 ||| qw: Do Orc after D:15 true
     0 | D:1      | 0 ||| qw: Do second Lair branch before Depths: true
     0 | D:1      | 0 ||| qw: Lair rune preference: random
     0 | D:1      | 0 ||| qw: Plans: Normal
     0 | D:1      | 0 ||| PLANNING D:1-11
   191 | D:1      | Reached skill level 3 in Axes
   191 | D:1      | Reached XP level 2. HP: 16/17 MP: 6/6
   247 | D:1      | 247 ||| Stepping ~*~*~tactically~*~*~ (stealth).
   255 | D:1      | 255 ||| Stepping ~*~*~tactically~*~*~ (stealth).
   256 | D:1      | 256 ||| Stepping ~*~*~tactically~*~*~ (stealth).
   562 | D:1      | 562 ||| Stepping ~*~*~tactically~*~*~ (stealth).
   671 | D:1      | Reached XP level 3. HP: 18/21 MP: 7/7
   950 | D:1      | 950 ||| UPGRADING to +0 scale mail.
   960 | D:1      | 960 ||| DROPPING +0 leather armour.
   961 | D:1      | 961 ||| DROPPING ring of flight.
   962 | D:1      | 962 ||| UPGRADING to ring of resist corrosion.
   963 | D:1      | 963 ||| READING scroll labelled ORYSEIFEMO.
   964 | D:1      | 964 ||| READING scroll labelled DOOSHI NIYRR.
   965 | D:1      | 965 ||| READING scroll labelled FABIOTS CYRR.
  1066 | D:1      | 1066 ||| DROPPING scroll of blinking.
  1086 | D:2      | Reached skill level 4 in Axes
  1163 | D:2      | Found Juzuz's Antique Armour Emporium.
  1169 | D:2      | 1169 ||| SHOPLISTING glowing cloak (150 gold, have 54).
  1169 | D:2      | 1169 ||| SHOPLISTING glowing plate armour (520 gold, have
                  | 54).
  1169 | D:2      | 1169 ||| SHOPLISTING runed hat (140 gold, have 54).
  1519 | D:2      | 1519 ||| Stepping ~*~*~tactically~*~*~ (stealth).
  1731 | D:2      | Reached XP level 4. HP: 26/26 MP: 8/8
  2138 | D:2      | Identified the +0 robe of the Echidna {Slay+4}
  2214 | D:2      | 2214 ||| READING scroll labelled ENTEGU SEGO.
  2215 | D:2      | 2215 ||| READING scroll labelled RURULE AMOE.
  2220 | D:2      | 2220 ||| DRINKING 2 glowing cyan potions.
  2221 | D:2      | 2221 ||| DROPPING potion of attraction.
  2265 | D:3      | Noticed Terence
  2275 | D:3      | Killed Terence
  2276 | D:3      | Reached skill level 5 in Axes
  2370 | D:3      | Noticed Sigmund
  2380 | D:3      | Found a white marble altar of Elyvilon.
  2388 | D:3      | Killed Sigmund
  2389 | D:3      | Reached skill level 6 in Axes
  2389 | D:3      | Gained mutation: Your magical nature lets you fly swiftly
                  | and evasively. [Tengu growth]
  2389 | D:3      | Reached XP level 5. HP: 16/30 MP: 9/9
  2389 | D:3      | Reached XP level 6. HP: 19/35 MP: 10/10
  2504 | D:3      | 2504 ||| Stepping ~*~*~tactically~*~*~ (stealth).
  2551 | D:3      | Noticed Natasha
  2552 | D:3      | 2552 ||| Stepping ~*~*~tactically~*~*~ (hiding).
  2557 | D:3      | Killed Natasha
  2558 | D:3      | Reached skill level 7 in Axes
  2607 | D:3      | 2607 ||| FLEEEEING.
  2780 | D:3      | 2780 ||| Stepping ~*~*~tactically~*~*~ (hiding).
  2787 | D:3      | 2787 ||| Stepping ~*~*~tactically~*~*~ (hiding).
  3024 | D:3      | Found a sacrificial altar of Ru.
  3024 | D:3      | Found a glowing silver altar of Zin.
  3051 | D:3      | 3051 ||| DROPPING +0 club.
  3102 | D:3      | 3102 ||| DROPPING +0 mace.
  3113 | D:3      | Found a faded altar of an unknown god.
  3147 | D:3      | Noticed a +0 spear
  3148 | D:3      | Noticed a +0 dagger
  3148 | D:3      | Noticed a +0 dagger
  3148 | D:3      | Noticed a +0 short sword
  3149 | D:3      | Noticed a +0 falchion
  3149 | D:3      | Noticed a +0 short sword
  3149 | D:3      | Noticed a +0 falchion
  3149 | D:3      | Noticed a +0 spear
  3153 | D:3      | Found a hide-covered altar of Uskayaw.
  3322 | D:3      | Noticed a water moccasin
  3339 | D:3      | HP: 7/35 [poisoned by a water moccasin]
  3339 | D:3      | HP: 2/35 [water moccasin (5)]
  3340 | D:3      | Succumbed to a water moccasin's poison

Levels and vault maps discovered:
D:1:      lightli_arrival_noodles, layout_basic, minmay_surrounded
D:2:      layout_loops_corners, serial_shops, nicolae_shop_trees,
          hangedman_decor_lopped
D:3:      layout_loops_ring, nicolae_uskayaw_en_pointe,
          mainiacjoe_overflow_large_starburst, elyvilon_altar_1,
          shapermc_ecumenical_altar_pompeii, uniq_terence, uniq_natasha,
          uniq_sigmund

Skill      XL: |  1  2  3  4  5  6 |
---------------+-------------------+-----
Axes           | 3 4 6 7 |  7.1
Fighting       | |  2.1
Throwing       | |  1.0
Armour         | |  1.1
Dodging        | |  2.1
Spellcasting   | |  2.0
Translocations | |  2.4

Action                   |  1- 3 |  4- 6 || total
-------------------------+-------+-------++-------
Melee: Hand axe          |    83 |    65 ||   148
       Kick              |    11 |    17 ||    28
       Peck              |     6 |     6 ||    12
       Punch             |     1 |       ||     1
Throw: Boomerang         |     7 |       ||     7
  Use: Scroll            |     3 |     2 ||     5
       Potion            |       |     1 ||     1
Armor: Leather armour    |     8 |       ||     8
       Scale mail        |    11 |    18 ||    29
Dodge: Dodged            |    36 |    26 ||    62

Table legend:
 A = Non-vault XP
 B = Vault XP
 C = Vault XP percentage of total XP
 D = Non-vault monster count
 E = Vault monster count
 F = Vault count percentage of total count
                 A         B        C        D         E       F
            +---------+---------+-------+---------+---------+-------
      Total |     109 |     307 |  73.8 |      47 |       7 |  13.0
            +---------+---------+-------+---------+---------+-------
        D:1 |      36 |       8 |  18.2 |      21 |       4 |  16.0
        D:2 |      55 |       0 |   0.0 |      17 |       0 |   0.0
        D:3 |      18 |     299 |  94.3 |       9 |       3 |  25.0
            +---------+---------+-------+---------+---------+-------
